 Dungeon Crawl Stone Soup version 0.30-a0-371-gad7725a93e (webtiles) character file.

Game seed: 15372170250873607589

45673 pokeman the Eclecticist (level 14, -7/80 HPs)
             Began as a Deep Elf Hedge Wizard on Nov 22, 2022.
             Was a High Priest of Vehumet.
             Mangled by a skeletal warrior
             ... wielding a +0 war axe
              (10 damage)
             ... on level 15 of the Dungeon on Nov 23, 2022.
             The game lasted 00:56:18 (19407 turns).

pokeman the Eclecticist (Deep Elf Hedge Wizard)    Turns: 19407, Time: 00:56:19

Health: -7/80      AC: 19    Str:  6    XL:     14   Next: 2%
Magic:  19/40      EV: 11    Int: 32    God:    Vehumet [*****.]
Gold:   988        SH:  0    Dex: 13    Spells: 32/53 levels left

rFire   . . .      SeeInvis .    l - staff of conjuration
rCold   . . .      Faith    .    (no shield)
rNeg    . . .      Spirit   .    t - +0 acid dragon scales
rPois   .          Reflect  .    X - +1 helmet {Int+3}
rElec   .          Harm     .    I - +0 cloak
rCorr   +          Rampage  .    (no gloves)
Will    +....                    (no boots)
Stlth   ++........               (no amulet)
HPRegen 0.33/turn                G - +4 ring of protection
MPRegen 0.27/turn                M - +4 ring of protection

@: about to teleport
A: clever 1
a: Renounce Religion


You were on level 15 of the Dungeon.
You worshipped Vehumet.
Vehumet was extremely pleased with you.
You visited 2 branches of the dungeon, and saw 16 of its levels.
You also visited: Bailey.

You collected 1148 gold pieces.
You spent 160 gold pieces at shops.

Inventory:

Hand Weapons
 V - a +4 shortbow of draining
Missiles
 S - 5 curare-tipped darts
Armour
 r - a +2 robe of cold resistance
 t - +0 acid dragon scales (worn)
 I - a +0 cloak (worn)
 W - a +1 leather armour of fire resistance
 X - a +1 helmet of intelligence (worn)
Magical Staves
 c - a staff of cold
 l - a staff of conjuration (weapon)
Jewellery
 g - a ring of fire
 o - a +4 ring of protection
 s - an amulet of guardian spirit
 G - a +4 ring of protection (left hand)
 L - a ring of protection from fire
 M - a +4 ring of protection (right hand)
Wands
 m - a wand of charming (4)
 B - a wand of digging (7)
 C - a wand of polymorph (5)
 D - a wand of quicksilver (4)
Scrolls
 e - 7 scrolls of teleportation
 f - 4 scrolls of enchant armour
 i - a scroll of torment
 k - 2 scrolls of fear
 w - 3 scrolls of poison
 x - 4 scrolls of blinking
 y - 2 scrolls of magic mapping
 H - a scroll of fog {unknown}
 J - a scroll of acquirement {unknown}
 K - a scroll of immolation {unknown}
 U - 2 scrolls of enchant weapon {unknown}
 Y - 3 scrolls of amnesia {unknown}
Potions
 a - 8 potions of curing
 b - 8 potions of heal wounds
 d - 2 potions of magic
 h - a potion of lignification
 j - 2 potions of brilliance
 n - 2 potions of ambrosia
 p - 6 potions of flight {unknown}
 q - 3 potions of cancellation {unknown}
 u - 2 potions of resistance {unknown}
 v - 5 potions of might {unknown}
 z - 5 potions of degeneration {unknown}
 A - 5 potions of haste {unknown}
 F - a potion of mutation
Miscellaneous
 E - a box of beasts
 O - a phantom mirror
 P - a phial of floods


   Skills:
 - Level 6.0 Fighting
 + Level 6.8 Armour
 - Level 3.0 Dodging
 - Level 3.0 Stealth
 * Level 20.1 Spellcasting
 + Level 12.2 Conjurations
 - Level 1.1 Summonings
 - Level 1.2 Necromancy
 - Level 1.1 Translocations
 + Level 8.7 Fire Magic
 - Level 1.0 Ice Magic
 - Level 1.0 Air Magic
 - Level 8.0 Earth Magic
 - Level 1.0 Poison Magic
 - Level 1.0 Evocations


You had 32 spell levels left.
You knew the following spells:

 Your Spells              Type           Power      Damage    Failure   Level
a - Magic Dart            Conj           100%       1d8       0%          1
b - Mephitic Cloud        Conj/Pois/Air  76%        N/A       1%          3
c - Call Imp              Summ           39%        N/A       1%          2
d - Blink                 Tloc           78%        N/A       1%          2
e - Foxfire               Conj/Fire      100%       2x1d9     1%          1
f - Stone Arrow           Conj/Erth      100%       3d13      1%          3
g - Fire Storm            Conj/Fire      49%        8d13      99%         9

Your spell library contained the following spells:

 Spells                   Type           Power      Damage    Failure   Level
 Arcjolt                  Conj/Air       42%        1d52      1%          5
 Apportation              Tloc           78%        N/A       1%          1
 Kiss of Death            Conj/Necr      100%       2d13      1%          1
 Slow                     Hex            100%       N/A       1%          1
 Sting                    Tmut/Pois      100%       1d8       1%          1
 Cigotuvi's Dreadful Rot  Necr/Pois/Air  78%        N/A       1%          2
 Poisonous Vapours        Pois/Air       76%        N/A       1%          2
 Ignite Poison            Fire/Tmut/Pois 52%        N/A       1%          3
 Animate Armour           Summ/Erth      100%       N/A       3%          4
 Portal Projectile        Hex/Tloc       70%        N/A       4%          3
 Confusing Touch          Hex            32%        N/A       6%          3
 Tukima's Dance           Hex            32%        N/A       6%          3
 Dispel Undead            Necr           40%        3d16      12%         4
 Alistair's Intoxication  Tmut/Pois      23%        N/A       41%         5
 Lehudib's Crystal Spear  Conj/Erth      49%        10d12     45%         8
 Blade Hands              Tmut           16%        N/A       47%         5
 Death Channel            Necr           20%        N/A       87%         6
 Chain Lightning          Conj/Air       42%        3d56      100%        9
 Shatter                  Erth           35%        3d28*     100%        9


Dungeon Overview and Level Annotations

Branches:
Dungeon (15/15)            Temple (1/1) D:7            Lair (0/5) D:10
    Orc (0/2) D:9          Vaults (0/5) D:14         Bailey (visited)
 Depths: D:15

Altars:
Dithmenos
Kikubaaqudgha
Makhleb
Nemelex Xobeh
Okawaru
Qazlal
Sif Muna
Trog
Uskayaw
Vehumet
Wu Jian
Xom
Zin

Shops:
D:5 !   D:10 *

Annotations:
Temple 2 transporters


Innate Abilities, Weirdness & Mutations

Your mind is acute. (Int +4, Str/Dex -1)


Message History

Aim: a spriggan berserker zombie (60% to hit)
The bolt of dispelling energy hits the spriggan berserker zombie!
The spriggan berserker zombie is lightly damaged.
The bolt of dispelling energy misses the caustic shrike skeleton.
You feel stable enough to blink again.
The spriggan berserker zombie completely misses you.
The phantasmal warrior hits you!!
* * * LOW HITPOINT WARNING * * *
Your magical contamination has completely faded away.
Unknown command.
Casting: Blink (safe; 1% risk of failure)
Confirm with . or Enter, or press ? or * to list all spells.
You blink.
A skeletal warrior comes into view. It is wielding a +0 war axe.
The phantasmal warrior gestures at you.
The phantasmal warrior blinks!
Unknown command.
Casting: Blink (safe; 1% risk of failure)
Confirm with . or Enter, or press ? or * to list all spells.
Aiming: Stone Arrow (safe; 1% risk of failure)
Press: ? - help, Shift-Dir - straight line, f - phantasmal warrior, p - spriggan berserker zombie
Aim: a phantasmal warrior (moderately damaged, 78% to hit)
You feel a surge of power!
The stone arrow hits the phantasmal warrior.
The phantasmal warrior is heavily damaged.
The phantasmal warrior gestures at you.
The phantasmal warrior blinks!
Unknown command.
You feel much better.
You feel stable enough to blink again.
A necromancer comes into view. It is wielding a +0 dagger.
As you read the scroll of teleportation, it crumbles to dust.
You feel strangely unstable.
The necromancer shouts!
The spriggan berserker zombie hits you!
* * * LOW HITPOINT WARNING * * *
The phantasmal warrior hits you!
* * * LOW HITPOINT WARNING * * *
The skeletal warrior hits you with a +0 war axe!
You die...

######
###############....##
........ยง.....Z.....+
###############Z@..##
#.zW.# #....# .....#
.#....# ......## ..
...P. Pp......P.


You could see a skeletal warrior, a phantasmal warrior, a necromancer, a
spriggan berserker zombie and a caustic shrike skeleton.

Vanquished Creatures
  Jorgrun (D:15)
  Azrael (D:12)
  Josephine (D:12)
  A vault guard (D:14)
  Fannar (D:12)
  A hydra (D:14)
  Erolcha (D:10)
  5 centaur warriors
  3 two-headed ogres
  A death knight (D:14)
  4 boulder beetles
  7 skeletal warriors
  Lodul (D:11)
  2 wizards (D:14)
  2 necromancers (D:14)
  6 deep elf pyromancers
  An orc knight (D:11)
  3 manticores
  2 cyclopes
  Joseph (D:7)
  5 gargoyles
  2 unseen horrors (D:11)
  Maggie (D:7)
  A kobold demonologist (D:11)
  2 komodo dragons
  2 meliai (D:14)
  8 trolls
  A hornet (D:9)
  8 slime creatures
  A shadow (D:13)
  19 humans
  8 wraiths
  3 vampires
  4 fire elementals (D:11)
  Grum (D:8)
  13 yaks
  3 vampire mosquitoes (D:12)
  2 steam dragons (D:7)
  3 wargs (D:10)
  2 acid dragons
  2 hell hounds
  10 orc warriors
  An ice beast (D:6)
  4 sky beasts
  A black bear (D:8)
  2 wolves (D:8)
  2 phantoms (D:5)
  12 ogres
  5 centaurs
  A bullfrog (D:8)
  11 kobold brigands
  2 scorpions (D:6)
  3 killer bees (D:10)
  9 vampire bats (Bailey)
  6 wolf zombies (Bailey)
  An electric eel (D:10)
  4 howler monkeys
  Crazy Yiuf (D:7)
  4 hounds
  15 orc priests
  4 jellies
  Ijyb (D:5)
  2 iguanas
  20 orc wizards
  4 adders
  2 shadow imps
  2 white imps
  An ufetubus (D:6)
  3 worms (D:3)
  70 orcs
  7 ball pythons
  4 endoplasms
  3 giant cockroaches
  7 goblins
  8 hobgoblins
  2 jackals (D:4)
  12 kobolds
  4 quokkas
  6 bats
  A frilled lizard (D:1)
  16 orc zombies (Bailey)
  5 rats
414 creatures vanquished.

Vanquished Creatures (others)
  A meliai (D:14)
  A vampire mosquito (D:12)
  An electric eel (D:10)
  168 foxfires
  10 withered plants (D:15)
181 creatures vanquished.

Grand Total: 595 creatures vanquished

Notes
Turn   | Place    | Note
-------+----------+-------------------------------------------
     0 | D:1      | pokeman the Deep Elf Hedge Wizard began the quest for the
                  | Orb.
     0 | D:1      | Reached XP level 1. HP: 10/10 MP: 7/7
   842 | D:2      | Found a faded altar of an unknown god.
   850 | D:2      | Reached XP level 2. HP: 16/16 MP: 5/9
  1289 | D:2      | Got the Parchment of Vitiation
  1297 | D:2      | Reached skill level 5 in Spellcasting
  1658 | D:2      | Reached XP level 3. HP: 20/20 MP: 7/11
  1662 | D:2      | Learned a level 3 spell: Mephitic Cloud
  1665 | D:2      | Learned a level 2 spell: Call Imp
  1668 | D:2      | Learned a level 2 spell: Blink
  1788 | D:2      | Identified the +7 sling "Saliz" {drain, Contam rN+ Str+3
                  | SInv}
  1972 | D:3      | Reached skill level 1 in Armour
  2006 | D:3      | Reached skill level 1 in Fighting
  2006 | D:3      | Reached XP level 4. HP: 9/25 MP: 10/13
  2179 | D:3      | Learned a level 3 spell: Stone Arrow
  2353 | D:3      | Reached skill level 6 in Spellcasting
  2356 | D:3      | Reached XP level 5. HP: 29/29 MP: 7/15
  2933 | D:3      | Reached skill level 1 in Evocations
  2987 | D:4      | Found an iron altar of Okawaru.
  3071 | D:4      | Reached skill level 1 in Necromancy
  3086 | D:4      | Reached XP level 6. HP: 20/34 MP: 17/17
  3258 | D:4      | Reached skill level 1 in Poison Magic
  3447 | D:4      | Found a radiant altar of Vehumet.
  3481 | D:4      | Became a worshipper of Vehumet
  3588 | D:5      | Entered Level 5 of the Dungeon
  3588 | D:5      | Noticed Ijyb
  3594 | D:5      | Killed Ijyb
  3607 | D:5      | Reached skill level 7 in Spellcasting
  3607 | D:5      | Reached skill level 1 in Air Magic
  3703 | D:5      | Identified the +0 short sword "Newtbane" {venom, Str+7}
  3761 | D:5      | Reached skill level 1 in Earth Magic
  4148 | D:5      | Reached XP level 7. HP: 37/38 MP: 20/20
  4600 | D:5      | Reached skill level 8 in Spellcasting
  4681 | D:5      | Found Xaseipp's Distillery.
  4694 | D:5      | Bought a potion of curing for 33 gold pieces
  4694 | D:5      | Bought a potion of heal wounds for 55 gold pieces
  5009 | D:6      | Reached XP level 8. HP: 44/44 MP: 22/22
  5202 | D:6      | Reached skill level 9 in Spellcasting
  5452 | D:7      | Noticed Maggie
  5461 | D:7      | Killed Maggie
  5461 | D:7      | Reached * piety under Vehumet
  5461 | D:7      | Offered knowledge of Foxfire by Vehumet.
  5462 | D:7      | Reached skill level 5 in Conjurations
  5464 | D:7      | Learned a level 1 spell: Foxfire
  5512 | D:7      | Reached skill level 10 in Spellcasting
  5803 | D:7      | Found a staircase to the Ecumenical Temple.
  5830 | D:7      | Noticed Joseph
  5832 | D:7      | Noticed a deep elf pyromancer
  6040 | D:7      | Killed a deep elf pyromancer
  6041 | D:7      | Reached skill level 11 in Spellcasting
  6041 | D:7      | Reached XP level 9. HP: 49/49 MP: 13/26
  6122 | D:7      | Killed Joseph
  6123 | D:7      | Reached skill level 5 in Earth Magic
  6336 | D:7      | Noticed a manticore
  6342 | D:7      | Killed a manticore
  6344 | D:7      | Noticed a boulder beetle
  6474 | D:7      | Reached skill level 12 in Spellcasting
  6506 | D:7      | Noticed a manticore
  6751 | D:7      | Killed a manticore
  6752 | D:7      | Reached XP level 10. HP: 32/56 MP: 10/28
  6845 | D:7      | Found a runed translucent door.
  6846 | D:7      | Noticed Crazy Yiuf
  6851 | D:7      | Killed Crazy Yiuf
  7006 | D:7      | Killed a boulder beetle
  7159 | D:8      | Reached skill level 13 in Spellcasting
  7535 | D:8      | Noticed Grum
  7544 | D:8      | Killed Grum
  7546 | D:8      | Reached ** piety under Vehumet
  7620 | D:8      | Offered knowledge of Kiss of Death by Vehumet.
  8319 | D:9      | Reached skill level 14 in Spellcasting
  8404 | D:9      | Found a flagged portal.
  8421 | Bailey   | Entered a bailey
  8602 | Bailey   | Offered knowledge of Inner Flame by Vehumet.
  8723 | Bailey   | Reached *** piety under Vehumet
  8748 | Bailey   | Noticed a gargoyle
  8752 | Bailey   | Killed a gargoyle
  8753 | Bailey   | Reached XP level 11. HP: 61/61 MP: 23/31
  9355 | D:9      | Offered knowledge of Dazzling Flash by Vehumet.
  9366 | D:9      | Learned a level 9 spell: Fire Storm
  9651 | D:9      | Found a staircase to the Orcish Mines.
  9788 | Temple   | Entered the Ecumenical Temple
  9788 | Temple   | Found a transporter.
  9788 | Temple   | Found a transporter.
  9802 | Temple   | Gained mutation: Your mind is acute. (Int +4, Str/Dex -1)
                  | [mutagenic glow]
  9870 | D:10     | Entered Level 10 of the Dungeon
  9870 | D:10     | Noticed Erolcha
  9870 | D:10     | Found a staircase to the Lair.
  9874 | D:10     | Reached **** piety under Vehumet
  9913 | D:10     | Offered knowledge of Kindle Blastsparks by Vehumet.
  9933 | D:10     | Reached skill level 1 in Ice Magic
 10090 | D:10     | Killed Erolcha
 10091 | D:10     | Reached skill level 15 in Spellcasting
 10091 | D:10     | Reached skill level 1 in Fire Magic
 10330 | D:10     | Noticed a two-headed ogre
 10333 | D:10     | Killed a two-headed ogre
 10679 | D:10     | Reached skill level 5 in Armour
 10891 | D:10     | Found Ofeniage's General Store.
 10897 | D:10     | Bought a potion of lignification for 36 gold pieces
 10897 | D:10     | Bought a scroll of teleportation for 36 gold pieces
 11536 | D:10     | Found a shimmering blue altar of Sif Muna.
 11892 | D:11     | Reached skill level 16 in Spellcasting
 12542 | D:11     | Reached XP level 12. HP: 40/68 MP: 27/34
 12757 | D:11     | Reached skill level 5 in Fighting
 12772 | D:11     | Reached ***** piety under Vehumet
 13058 | D:11     | Offered knowledge of Flame Wave by Vehumet.
 13267 | D:12     | Noticed Josephine
 13285 | D:11     | Reached skill level 10 in Conjurations
 13416 | D:12     | Noticed Fannar
 13530 | D:12     | Noticed Lodul
 13531 | D:12     | Reached skill level 5 in Fire Magic
 13570 | D:12     | Noticed a two-headed ogre
 13760 | D:12     | Noticed Azrael
 13924 | D:12     | Reached skill level 17 in Spellcasting
 14117 | D:12     | Noticed a boulder beetle
 14118 | D:12     | Noticed a two-headed ogre
 14123 | D:11     | Killed Lodul
 14304 | D:11     | Killed a boulder beetle
 14510 | D:12     | Killed Josephine
 14545 | D:12     | Killed a two-headed ogre
 14691 | D:12     | Killed Fannar
 14741 | D:12     | Killed Azrael
 15059 | D:12     | Reached skill level 18 in Spellcasting
 15101 | D:12     | Killed a two-headed ogre
 15858 | D:13     | Noticed a centaur warrior
 15863 | D:13     | Killed a centaur warrior
 15953 | D:13     | Found a shadowy altar of Dithmenos.
 15955 | D:13     | Reached XP level 13. HP: 74/74 MP: 35/37
 17639 | D:14     | Reached skill level 19 in Spellcasting
 18871 | D:14     | Offered knowledge of Arcjolt by Vehumet.
 19026 | D:14     | Found a gate to the Vaults.
 19205 | D:15     | Entered Level 15 of the Dungeon
 19213 | D:15     | Noticed Jorgrun
 19220 | D:15     | Killed Jorgrun
 19221 | D:15     | Reached skill level 20 in Spellcasting
 19221 | D:15     | Reached XP level 14. HP: 58/80 MP: 22/40
 19407 | D:15     | HP: 3/80 [phantasmal warrior (14)]
 19407 | D:15     | Mangled by a skeletal warrior

Illustrated notes

Levels and vault maps discovered:
D:1:      nagdon_arrival_zigzag_paths, layout_basic
D:2:      layout_loops_corners, chequers_ecumenical_altar_simple,
          kennysheep_generic_room_8
D:3:      kennysheep_six_static_rooms, layout_loops_ring
D:4:      layout_basic, mainiacjoe_overflow_catwalk_spiral
D:5:      layout_basic, serial_shops, nicolae_shop_stone,
          hangedman_decor_lopped, uniq_ijyb
D:6:      layout_cave_pools, due_unseen_surprise
D:7:      layout_basic, minmay_temple_entry_trees, minmay_the_grid_2x2
          [minmay_the_grid_outer_diamond, minmay_the_grid_fan,
          minmay_the_grid_empty, minmay_the_grid_prize_shrinking_boxes],
          uniq_joseph, uniq_maggie, uniq_crazy_yiuf_cottage
D:8:      layout_loops_ring, uniq_grum
D:9:      layout_gridville, hiddenorc1_lemuel, enter_bailey_5
D:10:     layout_loops_corners, kennysheep_orc_sif_temple,
          erik_lair_orcish_takeover, serial_shops, kennysheep_little_box,
          minmay_crystal_water, st_stairs_14, uniq_erolcha
D:11:     layout_roguey [special_room_orc], special_room [special_room_kobold]
D:12:     layout_cross, uniq_josephine, uniq_azrael, uniq_fannar, uniq_lodul
D:13:     layout_long_grid, grunt_dithmenos_shadows
D:14:     layout_rooms, grunt_vaults_entry_tiered, kennysheep_path_1
D:15:     gammafunk_depths_entry_grave, layout_basic, serial_bayou_pond_e,
          minivault_10, minmay_hollow_rounded_squares, uniq_jorgrun
Temple:   hellmonk_temple_divided_pantheon

Skill      XL: |  1  2  3  4  5  6  7  8  9 10 11 12 13 |
---------------+----------------------------------------+-----
Spellcasting   | 5 6 7 8 11 12 14 16 18 20 | 20.1
Armour         | 1 3 4 5 6 |  6.8
Fighting       | 1 2 3 4 6 |  6.0
Conjurations   | 2 3 4 6 7 8 9 11 12 | 12.2
Dodging        | 3 |  3.0
Stealth        | 3 |  3.0
Evocations     | 1 |  1.0
Necromancy     | 1 |  1.2
Poison Magic   | 1 |  1.0
Air Magic      | 1 |  1.0
Earth Magic    | 1 3 4 6 7 8 |  8.0
Ice Magic      | 1 |  1.0
Fire Magic     | 4 6 8 |  8.7
Summonings     | |  1.1
Translocations | |  1.1

Action                   |  1- 3 |  4- 6 |  7- 9 | 10-12 | 13-15 || total
-------------------------+-------+-------+-------+-------+-------++-------
Melee: War axe           |     3 |       |       |       |       ||     3
       Staff             |       |       |       |    32 |     1 ||    33
       Punch             |       |       |       |     1 |       ||     1
 Fire: Sling             |    22 |    88 |    83 |   112 |       ||   305
       Shortbow          |       |       |       |       |     5 ||     5
 Cast: Magic Dart        |    53 |    56 |    28 |    15 |     3 ||   155
       Blink             |     1 |     2 |       |     8 |     9 ||    20
       Mephitic Cloud    |       |     4 |    15 |    59 |    18 ||    96
       Foxfire           |       |       |    23 |    71 |     5 ||    99
       Stone Arrow       |       |       |    27 |   329 |   209 ||   565
       Call Imp          |       |       |       |     3 |     3 ||     6
Evoke: Wand              |       |       |     1 |     1 |     1 ||     3
       Phial of floods   |       |       |       |     1 |       ||     1
  Use: Scroll            |       |       |       |    12 |     3 ||    15
       Potion            |       |       |       |       |     1 ||     1
 Stab: Sleeping          |     1 |       |       |       |       ||     1
       Confused          |       |       |       |     2 |       ||     2
Armor: Robe              |     4 |     2 |       |       |       ||     6
       Leather armour    |       |     4 |     6 |       |       ||    10
       Steam dragon scal |       |       |    10 |    61 |       ||    71
       Acid dragon scale |       |       |       |    77 |    19 ||    96
       Troll leather arm |       |       |       |     7 |       ||     7
Dodge: Dodged            |    11 |    41 |    53 |   175 |    22 ||   302

Table legend: (Time is in decaauts)
 A = Elapsed time spent in this place.
 B = Non-inter-level travel time spent in this place.
 C = Inter-level travel time spent in this place.
 D = Time resting spent in this place.
 E = Time spent auto-exploring this place.
 F = Levels seen in this place.
 G = Mean time per level.
                   A        B        C        D        E       F      G
               +--------+--------+--------+--------+--------+-----+--------+
         Total |  19593 |  18693 |    900 |   3023 |  12615 |  17 | 1152.5 |
       Dungeon |  18667 |  17770 |    897 |   3023 |  11911 |  15 | 1244.5 |
        Temple |     30 |     28 |      2 |      0 |      0 |   1 |   30.0 |
        Bailey |    895 |    895 |      0 |      0 |    704 |   1 |  895.0 |
               +--------+--------+--------+--------+--------+-----+--------+

Top non-repeatable levels by time:
    D:11: 2942 daAuts
    D:13: 1946 daAuts
    D:10: 1781 daAuts
     D:7: 1635 daAuts
    D:14: 1561 daAuts
     D:5: 1198 daAuts
     D:8: 1154 daAuts
     D:3: 1090 daAuts
     D:2: 1067 daAuts
    D:12: 981 daAuts
  Bailey: 895 daAuts
     D:9: 823 daAuts
     D:6: 816 daAuts
     D:1: 793 daAuts
     D:4: 672 daAuts
